 Dungeon Crawl Stone Soup version 0.21-a0-442-g848f44b (webtiles) character file.

9909 theanonym the Cleaver (level 11, -10/86 HPs)
             Began as a Formicid Abyssal Knight on Nov 16, 2017.
             Was a Priest of Lugonu.
             Killed from afar by kae's ghost (36 damage)
             ... with a stone arrow
             ... on level 11 of the Dungeon.
             The game lasted 00:30:36 (13808 turns).

theanonym the Cleaver (Formicid Abyssal Knight)    Turns: 13808, Time: 00:30:37

Health: -10/86     AC: 17    Str: 19    XL:     11   Next: 83%
Magic:  25/26      EV:  7    Int: 13    God:    Lugonu [***...]
Gold:   661        SH:  8    Dex: 10    Spells: 10/10 levels left

rFire    . . .     SeeInvis +   a - +1 battleaxe
rCold    . . .     Gourm    .   F - +0 buckler (curse)
rNeg     . . .     Faith    .   x - +4 chain mail
rPois    .         Spirit   .   (helmet unavailable)
rElec    .         Reflect  +   o - +1 cloak
rCorr    .         Harm     .   y - +2 pair of gloves
MR       +....                  (no boots)
Stlth    ..........             G - +4 amulet of reflection
HPRegen  0.24/turn              E - ring of stealth {Stlth+}
MPRegen  0.20/turn              L - ring of magical power {MP+9}

@: drained
A: permanent stasis, dig shafts and tunnels, four strong arms, antennae 3
a: Dig, Shaft Self, Depart the Abyss, Bend Space, Banish, Renounce Religion


Innate Abilities, Weirdness & Mutations

You cannot be hasted, slowed, berserked, paralysed or teleported.
You can dig through walls and to a lower floor.
Your four strong arms can wield two-handed weapons with a shield.
You have a pair of large antennae on your head. (SInv)


   Skills:
 + Level 7.9(7.3) Fighting
 * Level 14.0(13.3) Axes
 - Level 2.1(1.7) Armour
 - Level 0.8(0.4) Dodging
 - Level 3.8(3.3) Shields
 - Level 9.3(8.7) Invocations


You had 10 spell levels left.
You didn't know any spells.

Skill      XL: |  1  2  3  4  5  6  7  8  9 10 11 |
---------------+----------------------------------+-----
Axes           | 3 4 5 7 8 10 12 14 | 14.0
Shields        | 3 |  3.8
Invocations    | 6 7 9 |  9.3
Fighting       | 5 7 |  7.9
Armour         | |  2.1
Dodging        | |  0.8

Action                   |  1- 3 |  4- 6 |  7- 9 | 10-12 || total
-------------------------+-------+-------+-------+-------++-------
Melee: Hand axe          |    87 |     6 |       |       ||    93
       Broad axe         |       |   191 |   356 |    16 ||   563
       Battleaxe         |       |       |       |   379 ||   379
Throw: Javelin           |     3 |       |    18 |    12 ||    33
       Throwing net      |       |       |     3 |     4 ||     7
       Tomahawk          |       |       |       |     9 ||     9
Invok: Banish            |       |       |     8 |     9 ||    17
       Bend Space        |       |       |       |     1 ||     1
 Abil: Dig               |       |       |     2 |     7 ||     9
Evoke: Wand              |       |       |     6 |    16 ||    22
  Use: Scroll            |       |     4 |     3 |    15 ||    22
       Potion            |       |     1 |     1 |     5 ||     7
 Stab: Paralysed         |       |       |     5 |     5 ||    10
       Held in net/web   |       |       |       |     2 ||     2
  Eat: Chunk             |     1 |     8 |     7 |    12 ||    28
       Meat ration       |       |       |     1 |       ||     1
       Bread ration      |       |       |     2 |     2 ||     4
Armor: Leather armour    |    25 |       |       |       ||    25
       Ring mail         |    11 |    45 |       |       ||    56
       Scale mail        |       |    31 |       |       ||    31
       Chain mail        |       |    19 |   201 |   231 ||   451
       Skin              |       |       |     1 |       ||     1
Dodge: Dodged            |    52 |   113 |   101 |   117 ||   383
Block: Buckler           |       |     2 |    62 |   163 ||   227
       Reflection        |       |       |       |     3 ||     3

Inventory:

Hand Weapons
 a - a +1 battleaxe (weapon)
   (You took it off an orc warrior on level 8 of the Dungeon)
 b - a +0 blowgun
   (You took it off a kobold on level 7 of the Dungeon)
Missiles
 s - a silver tomahawk
 v - 4 tomahawks
 D - 2 throwing nets
 K - 53 poisoned needles
 N - a javelin of returning (quivered)
Armour
 o - a +1 cloak (worn)
   (You found it on level 10 of the Dungeon)
 x - a +4 chain mail (worn)
   (You found it on level 3 of the Dungeon)
 y - a +2 pair of gloves (worn)
   (You found it on level 3 of the Dungeon)
 F - a cursed +0 buckler (worn)
   (You bought it in a shop on level 4 of the Dungeon)
Jewellery
 E - a ring of stealth (left hand) {Stlth+}
   (You found it on level 5 of the Dungeon)
 G - a +4 amulet of reflection (around neck)
   (You found it on level 6 of the Dungeon)
 I - an uncursed ring of wizardry {Wiz+}
   (You found it on level 5 of the Dungeon)
 L - a ring of magical power (right hand) {MP+9}
   (You found it on level 8 of the Dungeon)
 S - an uncursed ring of resist corrosion
   (You found it on level 9 of the Dungeon)
Wands
 d - a wand of digging (3/24)
   (You found it on level 5 of the Dungeon)
 J - a wand of paralysis (5/24)
   (You found it on level 5 of the Dungeon)
Scrolls
 i - 5 scrolls of enchant weapon
 j - a scroll of immolation
 k - a scroll of enchant armour
 n - 3 scrolls of magic mapping {!r}
 p - a scroll of fear {!r}
 t - 5 scrolls of teleportation {!r}
 C - 4 scrolls of amnesia
 H - 5 scrolls of remove curse
Potions
 c - 2 potions of ambrosia
 g - a potion of magic
 h - 4 potions of curing
 m - a potion of cancellation {unknown}
 u - a potion of mutation
 w - a potion of brilliance {unknown}
 R - a potion of flight {unknown}
Comestibles
 e - 5 bread rations
 l - a royal jelly
 q - 3 chunks of flesh
 z - 3 fruits
 B - 7 meat rations

Dungeon Overview and Level Annotations

Branches:
Dungeon (11/15)            Temple (0/1) D:4             Orc (1/2) D:9
   Lair: D:8-11

Altars:
Dithmenos
Elyvilon
Kikubaaqudgha
Qazlal
Wu Jian
Yredelemnul
Zin

Shops:
D:4 [   D:6 (*   D:10 %

Annotations:
D:11 kae's ghost, journeyman GrEE
Abyss:1 Prince Ribbit


You were on level 11 of the Dungeon.
You worshipped Lugonu.
Lugonu was most pleased with you.
You were not hungry.

You visited 2 branches of the dungeon, and saw 12 of its levels.
You visited the Abyss 1 time.

You collected 763 gold pieces.
You spent 102 gold pieces at shops.


Message History

Lugonu accepts your kill.
No target in view!
No target in view!
No target in view!
You now have 650 gold pieces (gained 12).
z - 3 fruits Eating one of 4 chunks of flesh.
You eat one of the 4 chunks of flesh.
r - 2 scrolls of identify (gained 1)
A - a book of Misfortune
Okay, then.
Unknown command.
You drop a book of Misfortune.
You enter a teleport trap!
The teleport trap disappears.
Found a hunting sling.
As you read the scroll of identify, it crumbles to dust.
J - a wand of paralysis (5/24)
As you read the scroll of identify, it crumbles to dust.
d - a wand of digging (3/24) Put on which piece of jewellery? (? for menu, Esc to quit)
You're wearing all the rings you can.
Remove which one? (? for menu, Esc to cancel) < or
E - a ring of stealth {Stlth+}; > or
L - a ring of magical power {MP+9} You remove your ring of magical power {MP+9}.
You feel your magic capacity decrease.
S - a ring of resist corrosion (right hand)
You now have 17/17 mp.
Put on which piece of jewellery? (? for menu, Esc to quit)
You're wearing all the rings you can.
Remove which one? (? for menu, Esc to cancel) < or
E - a ring of stealth {Stlth+}; > or
S - a ring of resist corrosion You remove your ring of resist corrosion.
You feel your magic capacity increase.
L - a ring of magical power (right hand) {MP+9} You now have 661 gold pieces (gained 11).
Found a thin runed staff.
Found a stone staircase leading down.
You start resting.
MP restored: 26 You sense a monster nearby.
A sky beast comes into view.
The sky beast flickers out of sight for a moment.
A sky beast is nearby!
A sky beast is nearby!
You block the sky beast's attack.
You barely miss the sky beast.
The sky beast hits you but does no damage.
You slice the sky beast!! You block the sky beast's attack.
You slash the sky beast!
You kill the sky beast!
Lugonu accepts your kill.
Your Axes skill increases to level 14!
No target in view!
No target in view!
No target in view!
You sense a monster nearby.
Unknown command.
Kae's ghost turns its malevolent gaze towards you.
Kae's ghost is too close now for your liking.
Aim: kae's ghost, wielding a weapon of draining (chance to defeat MR: 23%)
Okay, then.
Here: kae's ghost, wielding a weapon of draining The floor.
Unknown command.
Aim: kae's ghost, wielding a weapon of draining (chance to defeat MR: 1%)
Okay, then.
Okay, then.
Aim: kae's ghost, wielding a weapon of draining You throw a silver tomahawk.
The silver tomahawk closely misses kae's ghost.
You barely miss kae's ghost.
Kae's ghost hits you but does no damage.
You feel drained.
You miss kae's ghost. You block kae's ghost's attack.
You barely miss kae's ghost. You block kae's ghost's attack.
You closely miss kae's ghost. Kae's ghost closely misses you.
You hit kae's ghost but do no damage. Kae's ghost casts a spell at you.
The blast of sand hits you!
You closely miss kae's ghost. Kae's ghost hits you.
You feel drained.
You take 2 damage, and have 84/86 hp.
You hit kae's ghost but do no damage.
Kae's ghost points at you and mumbles some strange words.
The blast of sand hits you!
You hit kae's ghost.
Kae's ghost points at you and mumbles some strange words.
The stone arrow hits you!
You take 26 damage, and have 58/86 hp.
MASSIVE DAMAGE!!
Space bends sharply around you!
Kae's ghost blinks!
You blink.
Kae's ghost points at you and mumbles some strange words.
The stone arrow hits you!
* * * LOW HITPOINT WARNING * * *
You take 32 damage, and have 26/86 hp.
MASSIVE DAMAGE!!
You now have 25/26 mp.
Okay, then.
Really read
f - a scroll of fog {!r}?
As you read the scroll of fog {!r}, it crumbles to dust.
The scroll dissolves into smoke.
Kae's ghost ripples.
Kae's ghost casts a spell at you. The stone arrow hits you!
You die...

....(............ #..# #...
.................# #..# #...
.........<.......# #..# #...
.................# #..# #...
.................# #..# #...
.................# #..# #...
................§# #..# #...
.....>.........§§####..# #...
..............§§@§§....# #...
...............§§§§....# #...
..................§_...# #...
................W......# #...
.......................# #...
.................##.#..# #...
.................##...†# #...
..........)......####..# #...
.....<...........####..#######...


You could see kae's ghost.

Notes
Turn   | Place    | Note
-------+----------+-------------------------------------------
     0 | Abyss:1  | theanonym the Formicid Abyssal Knight began the quest for the Orb.
     0 | Abyss:1  | Reached XP level 1. HP: 18/18 MP: 2/2
    17 | D:1      | Escaped the Abyss
   236 | D:1      | Reached XP level 2. HP: 24/24 MP: 3/3
   258 | D:1      | HP: 12/24 [hobgoblin (2)]
   428 | D:1      | Reached skill level 3 in Axes
   684 | D:1      | Reached XP level 3. HP: 22/29 MP: 4/4
   836 | D:1      | Reached ** piety under Lugonu
  1270 | D:2      | Reached skill level 4 in Axes
  1270 | D:2      | Reached XP level 4. HP: 28/35 MP: 5/5
  2273 | D:3      | Reached XP level 5. HP: 30/41 MP: 6/6
  2626 | D:4      | Reached skill level 5 in Axes
  3019 | D:4      | Reached *** piety under Lugonu
  3156 | D:4      | Reached XP level 6. HP: 45/47 MP: 7/7
  3263 | D:4      | Found a shadowy altar of Dithmenos.
  3550 | D:4      | Found Penneteu's Armour Shop.
  3558 | D:4      | Bought a cursed +0 buckler for 21 gold pieces
  3589 | D:4      | Found a staircase to the Ecumenical Temple.
  3624 | D:5      | Entered Level 5 of the Dungeon
  3681 | D:5      | Reached skill level 2 in Shields
  3701 | D:5      | Noticed a sky beast
  3714 | D:5      | Killed a sky beast
  3714 | D:5      | Reached skill level 3 in Shields
  3714 | D:5      | Reached XP level 7. HP: 39/52 MP: 9/9
  3802 | D:5      | Reached skill level 6 in Axes
  3802 | D:5      | Reached skill level 3 in Invocations
  4026 | D:5      | Reached skill level 4 in Invocations
  4688 | D:6      | Found an ancient bone altar of Kikubaaqudgha.
  4783 | D:6      | Found a white marble altar of Elyvilon.
  4786 | D:6      | Found Tacoe's Weapon Emporium.
  5040 | D:6      | Found Zutoph's Assorted Antiques.
  5048 | D:6      | Bought a scroll labeled KUFOAKHL QUWIC for 27 gold pieces
  5048 | D:6      | Bought a scroll labeled SOCUAMUITO for 27 gold pieces
  5048 | D:6      | Bought a scroll labeled HIKIYR CYUWNUBUIQ for 27 gold pieces
  5467 | D:7      | Noticed Joseph
  5495 | D:7      | Killed Joseph
  5495 | D:7      | Reached skill level 7 in Axes
  5495 | D:7      | Reached skill level 6 in Invocations
  5495 | D:7      | Reached XP level 8. HP: 31/58 MP: 10/12
  6084 | D:7      | Reached skill level 8 in Axes
  6204 | D:7      | Reached skill level 7 in Invocations
  6438 | D:7      | Reached XP level 9. HP: 60/64 MP: 14/14
  6550 | D:7      | HP: 31/64 [orc warrior/long sword of holy wrath (15)]
  6794 | D:7      | Found a glowing silver altar of Zin.
  6809 | D:7      | Found a basalt altar of Yredelemnul.
  7097 | D:8      | Reached skill level 8 in Invocations
  7099 | D:8      | Noticed Barriton's ghost (novice DrFi)
  7173 | D:8      | HP: 31/64 [Barriton's ghost (3)]
  7498 | D:8      | Reached skill level 9 in Axes
  7501 | D:8      | Noticed a hornet
  7558 | D:8      | Banished Barriton's ghost
  8041 | D:8      | Reached skill level 9 in Invocations
  8557 | D:8      | Reached skill level 10 in Axes
  8574 | D:8      | Banished a hornet
  8581 | D:8      | Reached XP level 10. HP: 60/70 MP: 12/16
  8657 | D:8      | Noticed Prince Ribbit
  8684 | D:8      | HP: 30/70 [Prince Ribbit (10)]
  8685 | D:8      | Banished Prince Ribbit
  9045 | D:8      | Found a stormy altar of Qazlal.
  9155 | D:9      | Noticed a two-headed ogre
  9158 | D:9      | Banished a two-headed ogre
  9158 | D:9      | Reached skill level 4 in Fighting
  9162 | D:9      | HP: 34/73 [killer bee (7)]
  9163 | D:9      | Noticed a two-headed ogre
  9167 | D:8      | HP: 29/73 [killer bee (4)]
  9173 | D:8      | HP: 27/73 [poisoned by a killer bee]
  9181 | D:8      | HP: 27/73 [poisoned by a killer bee]
  9435 | D:8      | Reached skill level 11 in Axes
  9484 | D:9      | HP: 35/73 [iguana (5)]
  9490 | D:9      | HP: 32/73 [poisoned by a killer bee]
  9496 | D:9      | HP: 31/73 [poisoned by a killer bee]
  9502 | D:9      | HP: 27/73 [killer bee (4)]
  9504 | D:9      | HP: 12/73 [killer bee (7)]
  9505 | D:9      | Reached skill level 5 in Fighting
  9834 | D:9      | Found a staircase to the Orcish Mines.
  9862 | D:9      | HP: 34/74 [killer bee (5)]
  9867 | D:9      | HP: 30/74 [poisoned by a killer bee]
  9873 | D:9      | HP: 28/74 [poisoned by a killer bee]
  9879 | D:9      | HP: 26/74 [poisoned by a killer bee]
  9887 | D:9      | HP: 26/74 [poisoned by a killer bee]
  9895 | D:9      | HP: 25/74 [poisoned by a killer bee]
 10077 | D:9      | Banished a two-headed ogre
 10576 | D:9      | Reached skill level 12 in Axes
 10798 | Orc:1    | Entered Level 1 of the Orcish Mines
 10917 | Orc:1    | Noticed a two-headed ogre
 10925 | Orc:1    | Killed a two-headed ogre
 10925 | Orc:1    | Reached XP level 11. HP: 81/81 MP: 17/17
 10980 | Orc:1    | Reached skill level 6 in Fighting
 11335 | Orc:1    | Noticed a stone giant
 11360 | Orc:1    | Banished a stone giant
 11360 | Orc:1    | Reached skill level 13 in Axes
 11724 | D:10     | Entered Level 10 of the Dungeon
 11872 | D:10     | HP: 39/83 [troll (4)]
 11877 | D:10     | HP: 19/83 [troll (8)]
 12182 | D:10     | Reached skill level 7 in Fighting
 12997 | D:10     | Found Miemn's Food Boutique.
 13333 | D:11     | Noticed Gildeon's ghost (novice MiHu)
 13334 | D:11     | Banished Gildeon's ghost
 13555 | D:11     | Noticed kae's ghost (journeyman GrEE)
 13590 | D:11     | Found an ornate altar of the Wu Jian Council.
 13632 | D:11     | Noticed Qupu's ghost (journeyman SpEn)
 13632 | D:11     | Banished Qupu's ghost
 13782 | D:11     | Reached skill level 14 in Axes
 13806 | D:11     | HP: 26/86 [kae's ghost/stone arrow (31)]
 13808 | D:11     | Killed from afar by kae's ghost

Vanquished Creatures
  A two-headed ogre (Orc:1)
  Joseph (D:7)
  2 trolls
  9 yaks
  A hungry ghost (D:9)
  A warg (Orc:1)
  A black bear (D:9)
  3 sky beasts
  5 orc warriors
  2 ice beasts (D:7)
  6 ogres
  3 phantoms
  A centaur (D:8)
  2 big kobolds
  2 bullfrogs
  A gnoll sergeant (D:8)
  A wyvern skeleton (D:5)
  13 killer bees
  10 wights
  3 crimson imps
  A bullfrog zombie (D:5)
  A quasit (D:9)
  A centaur zombie (D:7)
  2 hounds
  4 orc wizards
  3 orc priests (D:10)
  A jelly (D:5)
  2 bullfrog skeletons
  A centaur skeleton (D:8)
  2 iguanas
  11 worker ants
  A hound zombie (D:4)
  2 hound skeletons
  A howler monkey zombie (D:7)
  3 gnolls
  A howler monkey skeleton (D:5)
  A worker ant zombie (D:9)
  4 adders
  2 shadow imps
  An ooze (D:1)
  An adder zombie (D:7)
  2 adder skeletons
  5 worms
  2 dart slugs (D:1)
  6 leopard geckos
  26 orcs
  7 bats
  3 giant cockroaches
  6 goblins
  6 hobgoblins
  8 jackals
  5 quokkas
  6 frilled lizards
  10 kobolds
  A leopard gecko skeleton (D:5)
  25 rats
232 creatures vanquished.

Vanquished Creatures (others)
  A stone giant (Orc:1)
  2 two-headed ogres (D:9)
  The ghost of Gildeon the Skirmisher, a novice MiHu of Vehumet (D:11)
  The ghost of Qupu the Covert, a journeyman SpEn of Yredelemnul (D:11)
  The ghost of Barriton the Chopper, a novice DrFi (D:8)
  A hornet (D:8)
  2 orc warriors
  A killer bee (D:8)
  A wight (D:6)
11 creatures vanquished.

Grand Total: 243 creatures vanquished
